 Dungeon Crawl Stone Soup version 0.31-a0-145-g046c7d2549 (webtiles) character file.

Game seed: 10669573654696044416

128 qw the Shooter (level 4, 0/40 HPs)
             Began as a Minotaur Hunter on June 7, 2023.
             Slain by an orc
             ... wielding a +0 whip
              (6 damage)
             ... on level 3 of the Dungeon.
             The game lasted 00:00:42 (1289 turns).

qw the Shooter (Minotaur Hunter)                    Turns: 1289, Time: 00:00:43

Health: 0/40       AC:  5    Str: 21    XL:     4   Next: 86%
Magic:  3/3        EV: 12    Int:  6    God:
Gold:   194        SH:  0    Dex: 19    Spells: 3/3 levels left

rFire   . . .        Y - +0 shortbow
rCold   . . .        (shield currently unavailable)
rNeg    + . .        d - +0 ring mail
rPois   .            (helmet restricted)
rElec   +            (no cloak)
rCorr   .            (no gloves)
SInv    .            (no boots)
Will    .....        (no amulet)
Stlth   +            c - ring "Launipp" {rElec rN+ Str+6 Dex+3}
HPRegen 0.26/turn    (no ring)
MPRegen 0.08/turn

%: no passive effects
@: about to teleport
A: horns 2, retaliatory headbutt
a: no special abilities


You were on level 3 of the Dungeon.
You visited 1 branch of the dungeon, and saw 3 of its levels.

You collected 194 gold pieces.


Innate Abilities, Weirdness & Mutations

You have a pair of horns on your head.
You reflexively headbutt those who attack you in melee.


   Skills:
 + Level 3.9 Fighting
 - Level 6.0 Ranged Weapons
 - Level 1.4 Armour
 - Level 2.1 Dodging
 - Level 0.7 Stealth


You had 3 spell levels left.
You didn't know any spells.
Your spell library was empty.

Inventory:

Hand Weapons
 Y - a +0 shortbow (weapon)
Armour
 d - a +0 ring mail (worn)
Jewellery
 b - an amulet of magic regeneration
 c - the ring "Launipp" (left hand) {rElec rN+ Str+6 Dex+3}
   (You found it on level 2 of the Dungeon)

   [ring of strength]

   Str:       It affects your strength (+6).
   Dex:       It affects your dexterity (+3).
   rElec:     It insulates you from electricity.
   rN:        It protects you from negative energy.
Potions
 a - a potion of attraction {unknown}
 e - a potion of enlightenment {unknown}
 f - a potion of brilliance {unknown}
 g - a potion of haste
 i - a potion of might {unknown}

Dungeon Overview and Level Annotations

Branches:
Dungeon (3/15)

Altars:
Uskayaw


Message History

The orc hits you with a +0 whip. The orc closely misses you.
You shoot an arrow. The arrow hits the orc.
The orc is heavily wounded.
The orc hits you with a +0 whip. The orc misses you.
The orc hits you from afar with a +2 trident of holy wrath.
The orc barely misses you.
You shoot an arrow. The arrow hits the orc.
The orc is severely wounded.
The orc barely misses you.
An orc comes into view. It is wielding a +0 club.
The orc hits you from afar with a +2 trident of holy wrath.
You shoot an arrow. The arrow closely misses the orc.
The ball python bites you. The ball python completely misses you.
The orc hits you with a +0 whip. The orc closely misses you.
The ball python bites you but does no damage.
The ball python closely misses you.
You shoot an arrow. The arrow hits the orc.
The orc is almost dead.
The ball python barely misses you. The ball python grabs you.
The ball python constricts you. The orc hits you but does no damage.
The orc closely misses you.
You shoot an arrow. The arrow hits the ball python!
You kill the ball python!
The orc misses you.
The orc hits you from afar with a +2 trident of holy wrath.
You shoot an arrow. The arrow closely misses the orc.
The arrow hits the orc!
You kill the orc!
The orc barely misses you. The orc closely misses you.
The orc hits you from afar with a +2 trident of holy wrath.
The orc hits you with a +0 whip.
You shoot an arrow.
The arrow hits the orc but does no damage.
The orc is almost dead.
The orc hits you with a +0 whip.
The orc hits you from afar with a +2 trident of holy wrath!
1289 ||| READING scroll of teleportation.
As you read the scroll of teleportation, it crumbles to dust.
You feel strangely unstable. The orc hits you with a +0 whip.
You die...

########### ....#.....##
.....#
...........######.....#
..)....[........#.....##
................#.......
................#.....##
................#.......
................#.o.....
.....%..........@.#
....#.....#..#..%o#
######.####..........
#.# #...#.........+
#.####.........)...#
#...##.####........#
####....####........+
#.....%......)......#
#.####...###........#


You could see 2 orcs.

Vanquished Creatures
  5 adders
  2 worms
  5 dart slugs
  3 orcs (D:3)
  6 ball pythons
  8 endoplasms
  3 giant cockroaches
  3 goblins
  6 hobgoblins
  4 jackals (D:2)
  3 quokkas
  2 bats
  6 frilled lizards
  4 kobolds
  4 rats
64 creatures vanquished.

Notes
Turn   | Place    | Note
-------+----------+-------------------------------------------
     0 | D:1      | qw the Minotaur Hunter began the quest for the Orb.
     0 | D:1      | Reached XP level 1. HP: 18/18 MP: 0/0
     0 | D:1      | 0 ||| qw: Version: 0.2-a-117-gc6b5c8b
     0 | D:1      | 0 ||| qw: Game counter: 2416
     0 | D:1      | 0 ||| qw: Always use a shield: true
     0 | D:1      | 0 ||| qw: God list: Okawaru
     0 | D:1      | 0 ||| qw: Allow faded altars: false
     0 | D:1      | 0 ||| qw: Do Orc after D:15 true
     0 | D:1      | 0 ||| qw: Do second Lair branch before Depths: true
     0 | D:1      | 0 ||| qw: Lair rune preference: random
     0 | D:1      | 0 ||| qw: Plans: Normal
     0 | D:1      | 0 ||| PLANNING D:1-11
    96 | D:1      | Reached XP level 2. HP: 25/25 MP: 1/1
   128 | D:1      | Reached skill level 5 in Ranged Weapons
   186 | D:1      | Reached skill level 3 in Fighting
   596 | D:1      | 596 ||| UPGRADING to +0 ring mail.
   606 | D:1      | 606 ||| DROPPING +0 leather armour.
   607 | D:1      | 607 ||| READING 2 scrolls labelled DOIGUN VURASUKOFF.
   608 | D:1      | 608 ||| READING scroll labelled QICALEI LEAFY.
   609 | D:1      | 609 ||| DRINKING 2 fizzy ruby potions.
   610 | D:1      | 610 ||| DROPPING scroll of fog.
   611 | D:1      | 611 ||| DROPPING scroll of butterflies.
   626 | D:2      | Reached XP level 3. HP: 31/31 MP: 2/2
   664 | D:2      | Reached skill level 1 in Armour
   698 | D:2      | Identified the ring "Launipp" {rElec rN+ Str+6 Dex+3}
   892 | D:2      | Reached XP level 4. HP: 27/38 MP: 3/3
  1009 | D:2      | Reached skill level 6 in Ranged Weapons
  1170 | D:2      | 1170 ||| DROPPING +6 ring of intelligence.
  1171 | D:2      | 1171 ||| UPGRADING to ring "Launipp" {rElec rN+ Str+6
                  | Dex+3}.
  1172 | D:2      | 1172 ||| READING scroll labelled QEOTIBYGEWK.
  1173 | D:2      | 1173 ||| READING 2 scrolls labelled VIRGHO XESU.
  1224 | D:3      | Found a hide-covered altar of Uskayaw.
  1288 | D:3      | HP: 6/40 [orc/+2 trident of holy wrath (7)]
  1289 | D:3      | 1289 ||| READING scroll of teleportation.
  1289 | D:3      | Slain by an orc

Levels and vault maps discovered:
D:1:      amcnicky_arrival_underground_garden, layout_basic
D:2:      layout_basic
D:3:      layout_rooms, mainiacjoe_overflow_24_doors,
          mainiacjoe_overflow_tiny_flanked, mainiacjoe_overflow_small_starburst

Skill      XL: |  1  2  3  4 |
---------------+-------------+-----
Ranged Weapons | 5 6 |  6.0
Fighting       | 3 |  3.9
Armour         | 1 |  1.4
Dodging        | |  2.1
Stealth        | |  0.7

Action                     |  1- 3 |  4- 6 || total
---------------------------+-------+-------++-------
   Fire: Shortbow          |   102 |    75 ||   177
    Use: Scroll            |     2 |     3 ||     5
         Potion            |     1 |       ||     1
 Armour: Ring mail         |     8 |    11 ||    19
  Dodge: Dodged            |    17 |    24 ||    41

Table legend:
 A = Non-vault XP
 B = Vault XP
 C = Vault XP percentage of total XP
 D = Non-vault monster count
 E = Vault monster count
 F = Vault count percentage of total count
                 A         B        C        D         E       F
            +---------+---------+-------+---------+---------+-------
      Total |     183 |       0 |   0.0 |      64 |       0 |   0.0
            +---------+---------+-------+---------+---------+-------
        D:1 |      40 |       0 |   0.0 |      20 |       0 |   0.0
        D:2 |     103 |       0 |   0.0 |      31 |       0 |   0.0
        D:3 |      40 |       0 |   0.0 |      13 |       0 |   0.0
            +---------+---------+-------+---------+---------+-------
